General information
- name: BNet
- type: Ladder team game (AT/RT)
- host: Battle.net
- saver: WhatGamesJake
map: GoldRush
- players: 8
- length: 49:45
- speed: Fast
- version: 1.26 W3XP
- replay type: Public
» download(257 KB)
Players
team 1 (loser)
AMightyFortress (
purple | 44 APM | 1049 actions | 23:54)
4 Keeper of the Grove
1 Entangling Roots
2 Thorns Aura
1 Force of Nature
3 Priestess of the Moon
1 Searing Arrows
2 Trueshot Aura
» actions
| Basic commands | 84 | |
| Build / train | 76 | |
| ESC pressed | 2 | |
| Enter build submenu | 17 | |
| Enter hero's abilities submenu | 8 | |
| Give item / drop item | 2 | |
| Right click | 477 | |
| Select / deselect | 333 | |
| Use ability | 50 | |
1049 total
» units
| Wisp | 17 | |
| Huntress | 13 | |
| Archer | 4 | |
| Dryad | 14 | |
48 total
» upgrades
| Strength of the Moon | 2 | |
| Moon Armor | 2 | |
| Ultravision | 1 | |
| Strength of the Wild | 1 | |
| Abolish Magic | 1 | |
| Upgrade Moon Glaive | 1 | |
| Reinforced Hides | 1 | |
| Sentinel | 1 | |
| Improved Bows | 1 | |
| Marksmanship | 1 | |
12 total
» buildings
| Altar of Elders | 1 | |
| Moon Well | 4 | |
| Hunter's Hall | 1 | |
| Ancient of War | 2 | |
| Ancient of Wonders | 1 | |
| Tree of Ages | 1 | |
| Ancient Protector | 6 | |
| Tree of Life | 1 | |
| Tree of Eternity | 1 | |
| Ancient of Lore | 1 | |
19 total
» build order
00:11 Altar of Elders
00:24 Moon Well
01:23 Hunter's Hall
01:47 Moon Well
02:14 Ancient of War
02:26 Ancient of War
02:53 Ancient of Wonders
03:43 Moon Well
04:46 Tree of Ages
04:51 Ancient Protector
06:09 Moon Well
08:01 Tree of Life
08:38 Tree of Eternity
08:43 Ancient of Lore
15:42 Ancient Protector
15:50 Ancient Protector
18:11 Ancient Protector
18:25 Ancient Protector
18:46 Ancient Protector
» items
| Periapt of Vitality | 1 | |
| Orb of Venom | 1 | |
| Scroll of Town Portal | 3 | |
5 total
JIG (
pink | 49 APM | 2440 actions | 49:44)
10 Demon Hunter
3 Evasion
3 Immolation
2 Metamorphosis
2 Mana Burn
» actions
| Assign group hotkey | 69 | |
| Basic commands | 121 | |
| Build / train | 153 | |
| Enter build submenu | 82 | |
| Enter hero's abilities submenu | 12 | |
| Give item / drop item | 7 | |
| Right click | 979 | |
| Select / deselect | 415 | |
| Select group hotkey | 402 | |
| Use ability | 198 | |
2440 total
» units
| Wisp | 82 | |
| Hippogryph | 11 | |
| Faerie Dragon | 6 | |
| Druid of the Talon | 1 | |
100 total
» upgrades
| Nature's Blessing | 1 | |
| Ultravision | 1 | |
| Well Spring | 1 | |
| Strength of the Wild | 3 | |
| Reinforced Hides | 3 | |
| Druid of the Talon Training | 2 | |
| Mark of the Talon | 2 | |
13 total
» buildings
| Moon Well | 31 | |
| Altar of Elders | 1 | |
| Tree of Ages | 1 | |
| Hunter's Hall | 1 | |
| Tree of Life | 6 | |
| Ancient Protector | 42 | |
| Tree of Eternity | 1 | |
| Ancient of Wind | 6 | |
| Ancient of Wonders | 1 | |
90 total
» build order
00:24 Moon Well
00:46 Altar of Elders
01:23 Moon Well
01:30 Moon Well
02:03 Moon Well
02:07 Moon Well
02:45 Moon Well
03:11 Moon Well
04:05 Tree of Ages
04:16 Hunter's Hall
04:24 Moon Well
04:30 Tree of Life
05:03 Moon Well
05:13 Moon Well
05:37 Ancient Protector
05:39 Ancient Protector
05:44 Ancient Protector
07:13 Moon Well
09:12 Moon Well
09:14 Tree of Eternity
10:19 Tree of Life
10:27 Ancient Protector
10:27 Ancient Protector
10:27 Ancient Protector
10:28 Ancient Protector
10:33 Ancient Protector
10:35 Moon Well
10:35 Moon Well
10:35 Moon Well
10:36 Moon Well
10:37 Moon Well
10:43 Moon Well
10:43 Moon Well
10:44 Moon Well
12:20 Ancient Protector
12:21 Ancient Protector
12:31 Ancient Protector
12:31 Ancient Protector
12:32 Ancient Protector
12:32 Ancient Protector
12:32 Ancient Protector
12:34 Ancient Protector
12:34 Ancient Protector
13:19 Moon Well
13:22 Moon Well
13:22 Moon Well
13:24 Moon Well
13:51 Moon Well
13:53 Moon Well
13:54 Moon Well
14:00 Moon Well
14:01 Moon Well
14:01 Moon Well
16:10 Ancient Protector
16:11 Ancient Protector
16:11 Ancient Protector
16:11 Ancient Protector
16:13 Ancient Protector
16:14 Ancient Protector
16:14 Ancient Protector
16:15 Ancient Protector
16:15 Ancient Protector
16:16 Ancient Protector
16:46 Tree of Life
16:52 Ancient Protector
16:53 Ancient Protector
16:53 Ancient Protector
16:53 Ancient Protector
16:54 Ancient Protector
16:54 Ancient Protector
16:54 Ancient Protector
16:56 Ancient Protector
16:57 Ancient Protector
18:40 Tree of Life
18:42 Ancient Protector
18:42 Ancient Protector
18:43 Ancient Protector
18:43 Ancient Protector
18:45 Tree of Life
18:53 Ancient Protector
20:41 Ancient of Wind
20:42 Ancient of Wind
20:42 Ancient of Wind
20:42 Ancient of Wind
20:44 Ancient of Wind
20:45 Ancient of Wind
21:10 Ancient of Wonders
29:58 Tree of Life
» items
| Periapt of Vitality | 3 | |
| Boots of Speed | 1 | |
| Staff of Teleportation | 4 | |
| Scroll of Town Portal | 4 | |
| Potion of Lesser Invulnerability | 1 | |
| Orb of Venom | 1 | |
| Tome of Retraining | 1 | |
15 total

»
MiniZ (
yellow | 41 APM | 802 actions | 19:35)
3 Keeper of the Grove
1 Force of Nature
1 Entangling Roots
1 Thorns Aura
2 Priestess of the Moon
1 Scout
1 Trueshot Aura
1 Dark Ranger
1 Black Arrow
» actions
| Build / train | 103 | |
| Enter build submenu | 34 | |
| Enter hero's abilities submenu | 6 | |
| Give item / drop item | 1 | |
| Remove unit from queue | 3 | |
| Right click | 312 | |
| Select / deselect | 276 | |
| Use ability | 67 | |
802 total
» units
| Wisp | 53 | |
| Archer | 3 | |
| Dryad | 17 | |
| Druid of the Claw | 8 | |
81 total
» upgrades
| Abolish Magic | 1 | |
| Strength of the Wild | 3 | |
| Reinforced Hides | 2 | |
| Druid of the Claw Training | 2 | |
| Mark of the Claw | 1 | |
9 total
» buildings
| Moon Well | 7 | |
| Altar of Elders | 1 | |
| Ancient of War | 1 | |
| Hunter's Hall | 1 | |
| Ancient Protector | 9 | |
| Tree of Ages | 1 | |
| Tree of Life | 5 | |
| Ancient of Wonders | 1 | |
| Ancient of Lore | 3 | |
| Tree of Eternity | 1 | |
30 total
» build order
00:10 Moon Well
00:22 Altar of Elders
00:37 Ancient of War
01:29 Moon Well
02:10 Hunter's Hall
03:20 Ancient Protector
03:35 Ancient Protector
03:56 Ancient Protector
04:41 Ancient Protector
05:20 Tree of Ages
05:25 Moon Well
05:47 Moon Well
06:12 Moon Well
06:37 Tree of Life
06:49 Ancient of Wonders
07:43 Tree of Life
08:02 Ancient of Lore
08:28 Ancient of Lore
08:32 Ancient of Lore
08:44 Ancient Protector
08:48 Ancient Protector
08:57 Ancient Protector
10:14 Tree of Eternity
10:26 Ancient Protector
10:30 Ancient Protector
11:24 Moon Well
14:24 Tree of Life
14:48 Tree of Life
15:38 Moon Well
18:13 Tree of Life
» items
WHYdoUquitCraft (
blue | 27 APM | 660 actions | 24:04)
2 Priestess of the Moon
1 Searing Arrows
1 Trueshot Aura
1 Warden
1 Fan of Knives
» actions
| Build / train | 86 | |
| Enter build submenu | 51 | |
| Enter hero's abilities submenu | 3 | |
| Remove unit from queue | 4 | |
| Right click | 164 | |
| Select / deselect | 287 | |
| Use ability | 65 | |
660 total
» units
| Wisp | 43 | |
| Huntress | 14 | |
| Hippogryph | 8 | |
| Chimaera | 1 | |
66 total
» upgrades
| Strength of the Moon | 2 | |
| Moon Armor | 2 | |
| Nature's Blessing | 1 | |
| Upgrade Moon Glaive | 0 | |
| Strength of the Wild | 2 | |
| Reinforced Hides | 2 | |
9 total
» buildings
| Moon Well | 9 | |
| Altar of Elders | 1 | |
| Hunter's Hall | 1 | |
| Ancient of War | 1 | |
| Ancient Protector | 32 | |
| Tree of Ages | 1 | |
| Tree of Life | 1 | |
| Tree of Eternity | 1 | |
| Ancient of Wind | 1 | |
| Chimaera Roost | 3 | |
51 total
» build order
00:15 Moon Well
00:19 Moon Well
01:41 Altar of Elders
01:45 Hunter's Hall
01:51 Moon Well
01:58 Ancient of War
02:50 Moon Well
02:56 Ancient Protector
03:02 Ancient Protector
04:20 Tree of Ages
04:47 Tree of Life
05:47 Ancient Protector
06:24 Ancient Protector
06:50 Ancient Protector
07:35 Ancient Protector
08:14 Ancient Protector
08:26 Ancient Protector
08:55 Ancient Protector
09:18 Ancient Protector
09:31 Ancient Protector
10:04 Ancient Protector
10:21 Moon Well
11:06 Ancient Protector
11:19 Ancient Protector
11:31 Moon Well
13:29 Ancient Protector
13:35 Tree of Eternity
13:42 Ancient Protector
13:48 Ancient Protector
14:00 Ancient Protector
14:36 Ancient Protector
14:53 Moon Well
15:08 Ancient Protector
15:18 Ancient Protector
15:31 Ancient Protector
16:00 Ancient Protector
17:58 Ancient of Wind
18:06 Ancient Protector
18:16 Ancient Protector
18:47 Ancient Protector
20:25 Chimaera Roost
20:30 Chimaera Roost
20:36 Chimaera Roost
20:44 Ancient Protector
20:53 Ancient Protector
21:21 Moon Well
21:45 Ancient Protector
22:01 Ancient Protector
22:09 Ancient Protector
22:31 Moon Well
22:42 Ancient Protector
team 2 (winner)
WhiskeyBeerDip (
orange | 25 APM | 1195 actions | 47:49)
9 Priestess of the Moon
3 Trueshot Aura
3 Searing Arrows
1 Starfall
2 Scout
» actions
| Assign group hotkey | 36 | |
| Basic commands | 105 | |
| Build / train | 82 | |
| Enter build submenu | 27 | |
| Enter hero's abilities submenu | 9 | |
| Right click | 230 | |
| Select / deselect | 507 | |
| Select group hotkey | 146 | |
| Use ability | 50 | |
1195 total
» units
| Wisp | 20 | |
| Archer | 17 | |
| Hippogryph | 11 | |
| Chimaera | 5 | |
53 total
» upgrades
| Strength of the Moon | 3 | |
| Moon Armor | 3 | |
| Improved Bows | 1 | |
| Ultravision | 1 | |
| Well Spring | 1 | |
| Hippogryph Taming | 1 | |
| Marksmanship | 1 | |
| Nature's Blessing | 1 | |
| Corrosive Breath | 1 | |
| Strength of the Wild | 2 | |
| Reinforced Hides | 1 | |
16 total
» buildings
| Altar of Elders | 1 | |
| Moon Well | 9 | |
| Ancient of War | 2 | |
| Hunter's Hall | 2 | |
| Tree of Ages | 1 | |
| Tree of Life | 4 | |
| Ancient of Wind | 2 | |
| Tree of Eternity | 1 | |
| Chimaera Roost | 3 | |
| Ancient Protector | 1 | |
26 total
» build order
00:26 Altar of Elders
00:40 Moon Well
00:53 Ancient of War
01:44 Moon Well
02:37 Hunter's Hall
02:39 Moon Well
03:33 Moon Well
03:43 Ancient of War
05:21 Moon Well
05:51 Tree of Ages
06:28 Moon Well
07:27 Moon Well
08:19 Moon Well
08:38 Tree of Life
08:44 Ancient of Wind
09:20 Moon Well
10:36 Tree of Eternity
13:45 Chimaera Roost
14:01 Chimaera Roost
14:11 Chimaera Roost
14:18 Ancient of Wind
16:09 Tree of Life
21:47 Hunter's Hall
25:28 Ancient Protector
28:36 Tree of Life
32:14 Tree of Life
» items
WhatGamesJake (
red | 79 APM | 3951 actions | 49:45)
9 Archmage
3 Summon Water Elemental
3 Brilliance Aura
2 Mass Teleport
1 Blizzard
5 Dark Ranger
3 Black Arrow
2 Life Drain
» actions
| Assign group hotkey | 49 | |
| Basic commands | 414 | |
| Build / train | 167 | |
| ESC pressed | 6 | |
| Enter build submenu | 56 | |
| Enter hero's abilities submenu | 13 | |
| Give item / drop item | 24 | |
| Right click | 1271 | |
| Select / deselect | 656 | |
| Select group hotkey | 1128 | |
| Use ability | 165 | |
3951 total
» units
| Peasant | 28 | |
| Footman | 12 | |
| Gryphon Rider | 10 | |
| Dragonhawk Rider | 10 | |
60 total
» upgrades
| Masonry | 4 | |
| Swords | 3 | |
| Armor | 3 | |
| Lumber Harvesting | 2 | |
| Defend | 2 | |
| Animal War Training | 1 | |
| Storm Hammers | 1 | |
| Magic Sentry | 1 | |
| Cloud | 1 | |
| Plating | 4 | |
| Gunpowder | 3 | |
| Barrage | 1 | |
| Flak Cannons | 1 | |
| Flying Machine Bombs | 1 | |
| Fragmentation Shards | 1 | |
| Flare | 1 | |
| Sorceress Training | 2 | |
| Priest Training | 2 | |
| Control Magic | 1 | |
| Long Rifles | 1 | |
| Backpack | 1 | |
37 total
» buildings
| Altar of Kings | 1 | |
| Farm | 12 | |
| Barracks | 1 | |
| Scout Tower | 25 | |
| Lumber Mill | 1 | |
| Arcane Tower | 1 | |
| Arcane Vault | 1 | |
| Guard Tower | 17 | |
| Town Hall | 3 | |
| Keep | 2 | |
| Blacksmith | 1 | |
| Castle | 1 | |
| Gryphon Aviary | 5 | |
| Arcane Sanctum | 1 | |
| Workshop | 1 | |
73 total
» build order
00:03 Altar of Kings
00:10 Farm
00:20 Barracks
01:03 Farm
01:32 Scout Tower
01:42 Lumber Mill
01:49 Farm
02:09 Arcane Tower
03:12 Arcane Vault
03:18 Scout Tower
03:20 Scout Tower
03:23 Scout Tower
03:26 Scout Tower
03:40 Farm
03:49 Guard Tower
03:50 Guard Tower
03:50 Guard Tower
03:54 Guard Tower
04:14 Guard Tower
04:56 Town Hall
06:05 Farm
06:24 Keep
06:41 Blacksmith
06:46 Scout Tower
06:50 Scout Tower
07:12 Scout Tower
07:15 Scout Tower
07:18 Guard Tower
07:26 Guard Tower
09:07 Castle
09:12 Guard Tower
09:57 Gryphon Aviary
11:03 Gryphon Aviary
15:46 Farm
18:33 Gryphon Aviary
18:36 Gryphon Aviary
18:38 Gryphon Aviary
18:42 Farm
18:44 Farm
18:49 Farm
18:53 Farm
19:23 Scout Tower
19:23 Scout Tower
19:24 Scout Tower
19:33 Farm
19:37 Farm
19:42 Scout Tower
19:50 Scout Tower
19:53 Scout Tower
19:57 Scout Tower
20:00 Scout Tower
20:49 Town Hall
20:53 Guard Tower
21:22 Guard Tower
21:25 Guard Tower
21:42 Guard Tower
23:43 Scout Tower
23:44 Scout Tower
23:47 Scout Tower
23:50 Scout Tower
23:52 Scout Tower
23:54 Scout Tower
24:00 Scout Tower
24:07 Arcane Sanctum
24:41 Guard Tower
25:03 Guard Tower
25:22 Guard Tower
25:32 Guard Tower
25:48 Scout Tower
26:23 Workshop
26:26 Guard Tower
31:41 Town Hall
47:17 Keep
» items
| Scroll of Regeneration | 6 | |
| Potion of Healing | 1 | |
| Mechanical Critter | 5 | |
| Orb of Fire | 1 | |
| Scroll of Town Portal | 2 | |
| Periapt of Vitality | 3 | |
| Circlet of Nobility | 1 | |
| Boots of Speed | 1 | |
| Staff of Teleportation | 2 | |
| Tome of Retraining | 1 | |
23 total

»
Legend.lim (
teal | 33 APM | 1574 actions | 48:22)
7 Crypt Lord
3 Impale
2 Carrion Beetles
1 Spiked Carapace
1 Locust Swarm
» actions
| Basic commands | 3 | |
| Build / train | 55 | |
| Enter build submenu | 23 | |
| Enter hero's abilities submenu | 7 | |
| Remove unit from queue | 1 | |
| Right click | 1102 | |
| Select / deselect | 339 | |
| Use ability | 44 | |
1574 total
» units
| Acolyte | 8 | |
| Ghoul | 9 | |
| Crypt Fiend | 6 | |
| Meatwagon | 4 | |
| Frost Wyrm | 10 | |
37 total
» upgrades
| Unholy Strength | 2 | |
| Creature Attack | 1 | |
| Creature Carapace | 1 | |
| Freezing Breath | 1 | |
5 total
» buildings
| Crypt | 1 | |
| Ziggurat | 9 | |
| Altar of Darkness | 1 | |
| Graveyard | 1 | |
| Spirit Tower | 2 | |
| Halls of the Dead | 1 | |
| Black Citadel | 1 | |
| Slaughterhouse | 1 | |
| Sacrificial Pit | 1 | |
| Boneyard | 3 | |
| Tomb of Relics | 1 | |
| Necropolis | 1 | |
23 total
» build order
00:42 Crypt
00:45 Ziggurat
00:49 Altar of Darkness
01:48 Ziggurat
02:01 Graveyard
04:54 Ziggurat
08:29 Ziggurat
08:32 Spirit Tower
08:52 Ziggurat
09:37 Halls of the Dead
09:48 Spirit Tower
12:50 Black Citadel
13:30 Slaughterhouse
15:17 Sacrificial Pit
16:11 Boneyard
16:15 Boneyard
16:19 Boneyard
17:03 Tomb of Relics
17:36 Ziggurat
17:41 Ziggurat
17:43 Ziggurat
17:44 Ziggurat
29:39 Necropolis

»
New001 (
green | 41 APM | 1404 actions | 34:28)
8 Goblin Tinker
3 Pocket Factory
3 Engineering Upgrade
1 Robo-Goblin
1 Cluster Rockets
6 Paladin
2 Holy Light
3 Devotion Aura
1 Divine Shield
» actions
| Assign group hotkey | 71 | |
| Basic commands | 82 | |
| Build / train | 88 | |
| Enter build submenu | 35 | |
| Enter hero's abilities submenu | 14 | |
| Give item / drop item | 5 | |
| Remove unit from queue | 2 | |
| Right click | 350 | |
| Select / deselect | 370 | |
| Select group hotkey | 275 | |
| Use ability | 112 | |
1404 total
» units
| Peasant | 14 | |
| Rifleman | 15 | |
| Dragonhawk Rider | 8 | |
37 total
» upgrades
| Gunpowder | 3 | |
| Armor | 3 | |
| Swords | 3 | |
| Long Rifles | 1 | |
| Lumber Harvesting | 2 | |
| Cloud | 1 | |
| Storm Hammers | 1 | |
14 total
» buildings
| Farm | 10 | |
| Altar of Kings | 1 | |
| Scout Tower | 1 | |
| Lumber Mill | 1 | |
| Blacksmith | 1 | |
| Barracks | 2 | |
| Arcane Vault | 1 | |
| Keep | 1 | |
| Guard Tower | 1 | |
| Town Hall | 4 | |
| Castle | 1 | |
| Gryphon Aviary | 3 | |
| Arcane Sanctum | 2 | |
29 total
» build order
00:42 Farm
00:59 Altar of Kings
01:17 Scout Tower
01:24 Farm
01:37 Lumber Mill
01:54 Blacksmith
02:11 Farm
02:50 Barracks
03:05 Arcane Vault
03:52 Farm
03:55 Farm
03:57 Keep
04:28 Barracks
05:06 Farm
05:33 Guard Tower
06:48 Farm
09:09 Town Hall
10:26 Castle
10:37 Farm
13:31 Gryphon Aviary
13:32 Gryphon Aviary
13:34 Gryphon Aviary
18:29 Town Hall
20:54 Town Hall
28:50 Farm
28:52 Farm
29:50 Arcane Sanctum
29:57 Arcane Sanctum
32:04 Town Hall
» items
| Scroll of Regeneration | 2 | |
| Scroll of Town Portal | 1 | |
| Orb of Fire | 1 | |
| Staff of Sanctuary | 1 | |
| Potion of Healing | 2 | |
| Potion of Mana | 2 | |
| Lesser Clarity Potion | 1 | |
10 total
Chat log
(00:04 / Allies) WhiskeyBeerDip: watch out 3 NE
(04:33 / Allies) WhatGamesJake: 100 wood please
(04:49 / Allies) WhatGamesJake: move your tinker
(04:55 / Allies) WhatGamesJake: ty
(12:07 / Allies) WhiskeyBeerDip: lol nice
(12:24 / Allies) WhatGamesJake: gj luring
(12:37 / Allies) WhiskeyBeerDip: omw
(15:57 / Allies) WhiskeyBeerDip: wood plz for chims
(20:40 / Allies) WhiskeyBeerDip: what a fag
(20:57 / Allies) WhiskeyBeerDip: rofl nice
(21:28 / Allies) WhatGamesJake: wood
(21:57 / Allies) New001: red cmon
(22:09 / Allies) WhatGamesJake: ?
(22:28 / Allies) New001: HIT
(22:40 / Allies) WhiskeyBeerDip: chims coming
(24:06 / All) WhiskeyBeerDip: GG
(24:09 / All) WhatGamesJake: Not over yet
(24:10 / All) New001: gg noobs
(24:12 / All) WhatGamesJake: Don't pre-emptive gg
(24:43 / Allies) WhatGamesJake: wood please
(25:01 / Allies) WhatGamesJake: wood please
(25:07 / Allies) Legend.lim: how much
(25:15 / Allies) WhatGamesJake: whatever amount you can spare
(25:23 / Allies) WhatGamesJake: thanks
(25:24 / Allies) Legend.lim: :)
(25:35 / Allies) Legend.lim: i got 1700
(25:39 / Allies) Legend.lim: now
(25:41 / Allies) Legend.lim: 535
(26:46 / All) JIG: I should tp with 200 hps
(27:55 / Allies) WhiskeyBeerDip: red wtf
(28:09 / Allies) WhiskeyBeerDip: take out red now
(28:14 / Allies) WhatGamesJake: why
(28:17 / Allies) WhiskeyBeerDip: you're tking
(28:24 / Allies) WhatGamesJake: no im not
(28:33 / Allies) WhiskeyBeerDip: you just took out my fucking base
(28:39 / Allies) WhatGamesJake: i did not
(28:41 / Allies) WhatGamesJake: stop lying
(28:42 / Allies) WhatGamesJake: tking fag
(28:52 / Allies) WhiskeyBeerDip: red seriously bro
(28:57 / Allies) WhiskeyBeerDip: we have fucking pink left
(29:01 / Allies) WhiskeyBeerDip: stop being a little kid
(29:16 / Allies) WhiskeyBeerDip: teal
(29:24 / Allies) WhatGamesJake: yeah?
(29:28 / Allies) Legend.lim: red
(29:29 / Allies) Legend.lim: wtf
(29:48 / Allies) WhatGamesJake: you shouldnt pre-emptive gg, it's rude
(29:53 / Allies) WhiskeyBeerDip: ok sorry
(29:57 / Allies) WhiskeyBeerDip: now stop
(30:01 / Allies) Legend.lim: k
(30:02 / Allies) WhatGamesJake: it wasn't you dipshit lol
(30:05 / Allies) Legend.lim: sorry man
(30:15 / Allies) WhiskeyBeerDip: red for real stop
(30:19 / Allies) WhiskeyBeerDip: can we just end this bro?
(30:19 / Allies) WhatGamesJake: or you
(30:59 / All) New001: we have a tker now
(31:25 / Allies) WhiskeyBeerDip: take him out teal
(31:39 / Allies) WhiskeyBeerDip: good shit
(32:24 / Allies) WhatGamesJake: he couldnt take me if he wanted to
(32:27 / Allies) WhatGamesJake: he is a mindless wyrmbot
(32:29 / Allies) WhatGamesJake: and shit at the game
(32:37 / All) New001: red is butthurt
(32:49 / All) New001: he got ass raped as a child
(32:55 / All) WhatGamesJake: lol
(33:00 / All) WhatGamesJake: You have done nothing but beg for mercy
(33:07 / All) New001: you suck shit
(33:08 / All) WhatGamesJake: Sounds like you're being ass-raped
(33:10 / All) New001: you did nothing
(33:15 / All) WhatGamesJake: I was biding time to stab
(33:18 / All) WhatGamesJake: I didn't want to tip the scale
(33:41 / All) JIG: lol
(33:42 / Allies) WhiskeyBeerDip: dude
(33:44 / All) JIG: you sure suck
(33:54 / Allies) WhatGamesJake: bad idea
(33:55 / Allies) Legend.lim: can we just win it
(33:56 / Allies) Legend.lim: ?
(33:58 / Allies) WhatGamesJake: no
(34:01 / Allies) WhatGamesJake: leave please and save me some time
(34:02 / Allies) WhiskeyBeerDip: why red
(34:05 / All) New001: never playing with lvl ones again, red and pink are working together
(34:09 / All) New001: fucking faggot pieces of shit
(34:10 / All) WhatGamesJake: LOL
(34:12 / All) WhatGamesJake: No we're not
(34:13 / All) JIG: hehe
(34:16 / All) WhatGamesJake: Conspiracies now?
(34:20 / All) New001: fuck you
(34:57 / Allies) WhatGamesJake: cute
(35:01 / Allies) Legend.lim: umm
(35:02 / Allies) Legend.lim: red
(35:11 / Allies) Legend.lim: i like u
(35:18 / Allies) Legend.lim: nice messing with people
(35:19 / Allies) Legend.lim: :)
(35:27 / Allies) WhatGamesJake: You're just trying to kiss my ass to get a free win
(35:38 / Allies) Legend.lim: not really
(35:38 / Allies) WhiskeyBeerDip: im not leaving
(35:42 / Allies) WhiskeyBeerDip: he can kill me
(35:43 / Allies) Legend.lim: i did one b4 like that
(35:47 / Allies) WhatGamesJake: Pink and I can do this as fast as we would like
(35:58 / Allies) WhiskeyBeerDip: and i still haven't left
(35:59 / Allies) WhiskeyBeerDip: i get a win
(36:02 / Allies) WhiskeyBeerDip: so stay
(36:04 / Allies) WhiskeyBeerDip: let him fuck up your base
(36:08 / Allies) WhiskeyBeerDip: but don't leave
(36:12 / Allies) WhiskeyBeerDip: cuz he's gonna 1v1 pink
(36:17 / Allies) WhiskeyBeerDip: and hopefully win
(37:06 / Allies) WhiskeyBeerDip: red you better not lose to pink you nub
(37:36 / Allies) WhatGamesJake: We are on Team 2
(37:38 / Allies) WhatGamesJake: Everyone else is Team 1
(37:40 / Allies) WhatGamesJake: Okay/
(37:44 / Allies) WhatGamesJake: ?
(37:48 / Allies) WhatGamesJake: Do you understand this?
(37:50 / Allies) WhiskeyBeerDip: i don't really care
(37:52 / Allies) Legend.lim: u talking to me?
(37:56 / Allies) Legend.lim: ..
(37:59 / Allies) WhiskeyBeerDip: i just wnat you to beat pink so i get a win
(38:02 / Allies) Legend.lim: i have no cash
(38:04 / Allies) WhatGamesJake: I won't
(38:06 / Allies) WhatGamesJake: He is on my team
(38:09 / Allies) WhatGamesJake: Do you understand this?
(38:12 / Allies) WhiskeyBeerDip: you're an idiot
(38:18 / Allies) WhatGamesJake: We are AT
(38:20 / Allies) WhatGamesJake: You are all RT
(38:24 / Allies) WhatGamesJake: Do you understand now?
(38:30 / Allies) WhiskeyBeerDip: yeah
(38:42 / Allies) WhiskeyBeerDip: you just have a fucked up perception of reality
(38:49 / Allies) WhatGamesJake: You sound rather pissed, frankly
(38:55 / Allies) WhatGamesJake: I think you have a warped view, if a video game is so important
(39:09 / Allies) WhiskeyBeerDip: you're the one making a huge deal thinkin this is fun bro
(39:10 / Allies) WhiskeyBeerDip: lol
(39:18 / Allies) WhatGamesJake: You should try it sometime
(39:20 / Allies) WhatGamesJake: If you were good
(39:31 / Allies) WhiskeyBeerDip: i dont care
(39:32 / Allies) WhiskeyBeerDip: like i said
(39:35 / Allies) WhiskeyBeerDip: just a video game
(39:36 / Allies) WhiskeyBeerDip: ;)
(39:45 / Allies) WhatGamesJake: If you didn't care, you would have left already
(39:52 / Allies) WhiskeyBeerDip: im gonna be afk
(39:57 / Allies) WhatGamesJake: Sure you will, sport
(40:01 / Allies) WhatGamesJake: In the replays nobody ever is
(40:32 / Allies) WhiskeyBeerDip: don't know how to do replays
(40:35 / Allies) WhiskeyBeerDip: see you in 20 min
(40:40 / Allies) WhatGamesJake: See you
(40:48 / Allies) WhatGamesJake: Highper.ch, replay will be uploaded so we can all laugh at you
(46:15 / All) WhatGamesJake: Full NE team. This is the dream tree team
(48:01 / All) WhatGamesJake: I knew he was lying about being AFK
(48:06 / All) WhatGamesJake: Any last words, teal?
(48:08 / All) JIG: loz
(48:08 / All) WhatGamesJake: Game is about to end
(48:28 / All) WhatGamesJake: Which team gets the loss?
(48:37 / All) JIG: Check records but I think your team is probably better
(48:45 / All) JIG: blue sucks for instance
(48:49 / All) WhatGamesJake: Orange is 12-12
(48:55 / All) JIG: so did the dude that was top left
(48:57 / All) WhatGamesJake: Teal is 5-12 team and 0-2 solo
(49:03 / All) WhatGamesJake: Green was 46-64
(49:12 / All) WhatGamesJake: Yellow was 341-369
(49:16 / All) JIG: lol and he complain about level 1
(49:26 / All) JIG: My team should lose probably
(49:27 / All) WhatGamesJake: Blue was 61-89, the faggot we played in our last stab
(49:39 / All) WhatGamesJake: Purple was 787-816
(49:41 / All) JIG: my team lose
(49:44 / All) WhatGamesJake: Yeah your team imo